 Dungeon Crawl Stone Soup version 0.25-a0-700-g7f8a7979f0 (webtiles) character file.

Game seed: 17792288929228078743, levelgen mode: deterministic

88 kae the Ruffian (level 4, -1/35 HPs)
             Began as a Draconian Transmuter on Apr 2, 2020.
             Slain by a gnoll
             ... wielding a +0 spear
              (8 damage)
             ... on level 2 of the Dungeon.
             The game lasted 00:01:24 (2283 turns).

kae the Ruffian (Draconian Transmuter)              Turns: 2283, Time: 00:01:25

Health: -1/35      AC:  2    Str: 12    XL:     4   Next: 29%
Magic:  2/8        EV: 19    Int: 15    God:
Gold:   95         SH:  0    Dex: 16    Spells: 2/8 levels left

rFire    . . .     SeeInvis .     - Unarmed
rCold    . . .     Gourm    .   (shield currently unavailable)
rNeg     . . .     Faith    .   (armour unavailable)
rPois    x         Spirit   .   (helmet currently unavailable)
rElec    .         Reflect  .   (cloak currently unavailable)
rCorr    .         Harm     .   (gloves currently unavailable)
MR       .....                  (boots currently unavailable)
Stlth    +.........             (no amulet)
HPRegen  0.11/turn              (no ring)
MPRegen  0.11/turn              (no ring)

@: spider-form (expiring)
A: tiny, unfitting armour, AC +5
a: End Transformation


You were on level 2 of the Dungeon.
You were very hungry.
You were a venomous arachnid creature.
You visited 1 branch of the dungeon, and saw 2 of its levels.

You collected 95 gold pieces.

Inventory:

Missiles
 a - 9 arrows
Armour
 f - a +0 cloak (melded)
Jewellery
 g - a cursed -3 ring of dexterity {unknown}
Scrolls
 b - a scroll of enchant weapon
 h - 3 scrolls of remove curse {unknown}
 i - 2 scrolls of identify
Potions
 d - a potion of flight
 e - a potion of brilliance {unknown}
Comestibles
 c - 5 rations


   Skills:
 - Level 1.1 Fighting
 - Level 1.7 Dodging
 * Level 4.2 Unarmed Combat
 + Level 2.7 Spellcasting
 + Level 2.8 Transmutations


You had 2 spell levels left.
You knew the following spells:

 Your Spells              Type           Power        Failure   Level  Hunger
a - Beastly Appendage     Tmut           ##....       17%         1    #......
b - Sticks to Snakes      Tmut           ##......     24%         2    ##.....
c - Spider Form           Tmut/Pois      #.........   56%         3    ###....

Your spell library contained the following spells:

 Spells                   Type           Power        Failure   Level  Hunger
 Ice Form                 Ice/Tmut       #.......     89%         4    #####..
 Blade Hands              Tmut           ##........   96%         5    ######.


Dungeon Overview and Level Annotations

Branches:
Dungeon (2/15)

Altars:


Innate Abilities, Weirdness & Mutations

((Your plain brown scales are hard. (AC +5)))
You cannot fit into any form of body armour.
((You are cold-blooded and may be slowed by cold attacks.))


Message History

The gnoll closely misses you. The gnoll misses you.
The gnoll hits you from afar with a +0 spear!
The gnoll misses you.
You hit the gnoll but do no damage.
The gnoll is poisoned.
The gnoll closely misses you. The gnoll hits you but does no damage.
You hit the gnoll but do no damage.
The gnoll hits you from afar with a +0 spear.
The gnoll closely misses you.
You hit the gnoll.
The gnoll looks as sick as possible!
The gnoll is severely wounded.
The gnoll hits you from afar with a +0 spear.
* * * LOW HITPOINT WARNING * * *
The gnoll barely misses you.
You hit the gnoll but do no damage.
The gnoll looks as sick as possible!
The gnoll is almost dead.
Your transformation is almost over.
You kill the gnoll!
The gnoll hits you but does no damage. The gnoll hits you with a +0 spear!
You die...

... ....# .. #.. #..##
#
....#.######.(.###.###
.......<..............
#####.#.#(####..##.###
#######.#.....###.#
.###
#######.............#
#.##.##.
#.........###g##....#
#..#.##. #.........#
#s##....# ##.#.##.
#.........# #.###'###
#...##. #######'###
#.......# ##..##. #.#
#.......# #..##. #.#
#.......# #..##. #.#
#.......# ##.##.
#.#####'###.### #.##.
#.##......#.# #..#.
#..'......#.#
#####(.#.


You could see a gnoll.

Vanquished Creatures
  3 gnolls (D:2)
  An adder (D:2)
  An ooze (D:1)
  A worm (D:2)
  A leopard gecko (D:1)
  2 giant cockroaches
  A goblin (D:1)
  2 hobgoblins (D:2)
  7 bats
  6 frilled lizards
  9 kobolds
  2 rats (D:1)
36 creatures vanquished.

Vanquished Creatures (collateral kills)
  An adder (D:2)
  A worm (D:2)
2 creatures vanquished.

Grand Total: 38 creatures vanquished

Notes
Turn   | Place    | Note
-------+----------+-------------------------------------------
     0 | D:1      | kae the Draconian Transmuter began the quest for the Orb.
     0 | D:1      | Reached XP level 1. HP: 16/16 MP: 3/3
   375 | D:1      | Reached XP level 2. HP: 23/23 MP: 3/5
  1431 | D:2      | Learned a level 2 spell: Sticks to Snakes
  1455 | D:2      | Reached XP level 3. HP: 22/28 MP: 3/6
  2041 | D:1      | Learned a level 3 spell: Spider Form
  2178 | D:2      | Reached skill level 4 in Unarmed Combat
  2271 | D:2      | Reached XP level 4. HP: 34/35 MP: 4/7
  2283 | D:2      | Slain by a gnoll

Levels and vault maps discovered:
D:1:      lightli_arrival_maybe_door_vault, layout_basic,
          minmay_misc_feat_ornament
D:2:      layout_basic, first_ration

Skill      XL: |  1  2  3 |
---------------+----------+-----
Unarmed Combat | 4 |  4.2
Fighting       | |  1.1
Dodging        | |  1.7
Spellcasting   | |  2.7
Transmutations | |  2.8

Action                   |  1- 3 |  4- 6 || total
-------------------------+-------+-------++-------
Melee: Unarmed           |   118 |     9 ||   127
       Kick              |     6 |       ||     6
       Tailslap          |     9 |       ||     9
       Headbutt          |     5 |       ||     5
 Cast: Beastly Appendage |    19 |       ||    19
       Sticks to Snakes  |     3 |       ||     3
       Spider Form       |     1 |     1 ||     2
  Use: Scroll            |     2 |       ||     2
  Eat: Chunk             |     4 |       ||     4
Armor: Skin              |    50 |     3 ||    53
Dodge: Dodged            |    97 |     8 ||   105

Table legend:
 A = Non-vault XP
 B = Vault XP
 C = Vault XP percentage of total XP
 D = Non-vault monster count
 E = Vault monster count
 F = Vault count percentage of total count
                 A         B        C        D         E       F
            +---------+---------+-------+---------+---------+-------
      Total |     126 |       0 |   0.0 |      38 |       0 |   0.0
            +---------+---------+-------+---------+---------+-------
        D:1 |      30 |       0 |   0.0 |      17 |       0 |   0.0
        D:2 |      96 |       0 |   0.0 |      21 |       0 |   0.0
            +---------+---------+-------+---------+---------+-------
